 Dungeon Crawl Stone Soup version 0.28.0-53-g5a82cb258f (webtiles) character file.

Game seed: 2217902132501988027

858861 Exodus22XD the Slayer (level 27, -40/269 HPs)
             Began as a Minotaur Fighter on May 20, 2022.
             Was an Elder of Okawaru.
             Killed from afar by Lom Lobon (51 damage)
             ... with a great icy blast
             ... in the Arena on May 22, 2022.
             The game lasted 05:06:55 (66105 turns).

Exodus22XD the Slayer (Minotaur Fighter)           Turns: 66105, Time: 05:06:56

Health: -40/269    AC: 25    Str: 41    XL:     27
Magic:  28/37      EV:  9    Int:  7    God:    Okawaru [****..]
Gold:   7769       SH: 30    Dex: 14    Spells: 26/26 levels left

rFire   + + +      SeeInvis .   M - +3 sacred scourge (holy)
rCold   + . .      Faith    .   N - +8 tower shield {reflect}
rNeg    + . .      Spirit   .   J - +1 chain mail "Lalurowa" {rC+ rN+ Regen+ Str+3}
rPois   .          Reflect  +   d - +2 hat of the Shrike {Regen+ Str+4}
rElec   +          Harm     .   a - scarf {rC+ rF+}
rCorr   +          Rampage  .   I - +0 pair of gloves of Makhleb's Delight {rF+ Will+ Dex+7 Stlth-}
Will    +++++                   k - +2 pair of boots {Fly}
Stlth   ..........              r - amulet of Vitality {Regen+ HP+15}
HPRegen 2.94/turn               p - ring "Caenani" {Fire rElec rCorr Str-5 Slay+2}
MPRegen 0.25/turn               j - ring of Atroz {Fly Will+ Str+7}

@: mighty, finesse-ful, flying, studying 2 skills, duelling, unable to read
A: horns 2, retaliatory headbutt, fangs 1, clumsy 2, strong-willed 1, evolution
1, inability to read while threatened
}: 9/15 runes: decaying, serpentine, slimy, silver, abyssal, demonic, glowing,
fiery, dark
a: Renounce Religion, Heroism, Finesse


You were in the Arena.
You worshipped Okawaru.
Okawaru was greatly pleased with you.
You visited 11 branches of the dungeon, and saw 50 of its levels.
You visited Pandemonium 1 time, and saw 10 of its levels.
You visited the Abyss 1 time.
You visited 1 bazaar.
You also visited: Ossuary and Volcano.

You collected 9260 gold pieces.
You spent 1491 gold pieces at shops.

Inventory:

Hand Weapons
 t - a +9 vorpal broad axe
 K - the +18 lance "Wyrmbane" {slay drac, rPois rF+ rC+ AC+3}
   (You took it off a deep elf pyromancer on level 3 of the Elven Halls)

   It inflicts extra damage against dragons and draconians.
   AC:        It affects your AC (+3).
   rF:        It protects you from fire.
   rC:        It protects you from cold.
   rPois:     It protects you from poison.
 L - the +0 broad axe "Goheow" {spect, rElec rF+ Dex+3}
   (Okawaru gifted it to you on level 5 of the Vaults)

   When its wielder attacks, the weapon's spirit leaps out and strikes again.
   The spirit shares a part of any damage it takes with its wielder.
   Dex:       It affects your dexterity (+3).
   rF:        It protects you from fire.
   rElec:     It insulates you from electricity.
 M - a +3 sacred scourge of holy wrath (weapon)
Missiles
 v - 4 javelins
 R - 6 silver javelins (quivered)
Armour
 a - a scarf of resistance (worn)
 d - the +2 hat of the Shrike (worn) {Regen+ Str+4}
   (Okawaru gifted it to you on level 5 of the Lair of Beasts)

   Str:       It affects your strength (+4).
   Regen:     It increases your rate of health regeneration.
 k - a +2 pair of boots of flying (worn)
 I - the +0 pair of gloves of Makhleb's Delight (worn) {rF+ Will+ Dex+7 Stlth-}
   (You acquired it on level 7 of the Dungeon)

   Dex:       It affects your dexterity (+7).
   rF:        It protects you from fire.
   Will:      It increases your willpower.
   Stlth:     It makes you less stealthy.
 J - the +1 chain mail "Lalurowa" (worn) {rC+ rN+ Regen+ Str+3}
   (You found it on level 3 of the Elven Halls)

   Str:       It affects your strength (+3).
   rC:        It protects you from cold.
   rN:        It protects you from negative energy.
   Regen:     It increases your rate of health regeneration.
 N - a +8 tower shield of reflection (worn)
 S - the +4 plate armour of Irymuuraa {rC+ Regen+}
   (You found it on level 3 of the Elven Halls)

   rC:        It protects you from cold.
   Regen:     It increases your rate of health regeneration.
Jewellery
 j - the ring of Atroz (right hand) {Fly Will+ Str+7}
   (You acquired it in an ossuary)

   [ring of flight]

   Str:       It affects your strength (+7).
   Fly:       It grants you flight.
   Will:      It increases your willpower.
 p - the ring "Caenani" (left hand) {Fire rElec rCorr Str-5 Slay+2}
   (You found it in Pandemonium)

   [ring of fire]

   It enhances your fire magic.
   Str:       It affects your strength (-5).
   Slay:      It affects your accuracy & damage with ranged weapons and melee
   (+2).
   rF:        It protects you from fire.
   rC:        It makes you vulnerable to cold.
   rElec:     It insulates you from electricity.
   rCorr:     It protects you from acid and corrosion.
 r - the amulet of Vitality (around neck) {Regen+ HP+15}
   (You found it on level 3 of the Depths)

   [amulet of regeneration]

   HP:        It affects your health (+15).
   Regen:     It increases your rate of health regeneration.
 E - the ring of Eternity {rCorr Str+5}
   (You found it on level 3 of the Elven Halls)

   [ring of resist corrosion]

   Str:       It affects your strength (+5).
   rCorr:     It protects you from acid and corrosion.
 Q - a ring of positive energy
 V - a ring of see invisible
 Y - the dreamshard necklace {*Dream Drain}
   (You found it on level 11 of the Dungeon)

   [amulet of nothing]

   It shatters if its wearer takes lethal or near-lethal damage, preventing the
   blow and releasing protective dreams that heal and fight for the wearer.
   Drain:     It drains your maximum health when unequipped.
Wands
 c - a wand of paralysis (19)
 w - a wand of acid (14)
 y - a wand of iceblast (49)
 z - a wand of mindburst (38)
 P - a wand of digging (50)
Scrolls
 b - 4 scrolls of blinking
 g - 8 scrolls of fog
 h - 7 scrolls of torment
 m - 5 scrolls of enchant armour
 n - 24 scrolls of teleportation
 o - 2 scrolls of brand weapon
 q - 9 scrolls of magic mapping
 s - 19 scrolls of identify
 x - 12 scrolls of fear
 A - 8 scrolls of silence
 G - 4 scrolls of immolation
 O - a scroll of holy word
 W - 3 scrolls of vulnerability
Potions
 e - 2 potions of berserk rage
 f - 10 potions of curing
 i - 3 potions of heal wounds
 l - 3 potions of invisibility
 u - 2 potions of magic
 B - 8 potions of cancellation
 C - 11 potions of lignification
 D - a potion of resistance
 F - 11 potions of mutation
 H - 5 potions of flight
 U - 5 potions of might
 X - 5 potions of haste
Miscellaneous
 T - a lightning rod (4/4)
 Z - a condenser vane


   Skills:
 - Level 22.0 Fighting
 - Level 1.2(1.4) Short Blades
 - Level 1.2(1.6) Long Blades
 - Level 21.9(26.0) Axes
 - Level 17.5(22.0) Maces & Flails
 - Level 17.5(22.0) Polearms
 - Level 1.2(15.8) Staves
 - Level 1.5(12.2) Slings
 - Level 0.9 Bows
 - Level 0.8 Crossbows
 * Level 17.1(17.2) Throwing
 - Level 22.0 Armour
 - Level 22.0 Shields
 - Level 1.0 Unarmed Combat
 - Level 0.3 Spellcasting
 - Level 0.6 Conjurations
 - Level 0.3 Hexes
 - Level 0.7 Summonings
 - Level 0.5 Necromancy
 - Level 0.7 Translocations
 - Level 0.6 Transmutations
 - Level 0.6 Fire Magic
 - Level 0.6 Ice Magic
 - Level 0.8 Air Magic
 - Level 1.0 Earth Magic
 - Level 0.5 Poison Magic
 - Level 22.0 Invocations
 * Level 15.5 Evocations


You had 26 spell levels left.
You didn't know any spells.
Your spell library was empty.

Dungeon Overview and Level Annotations

Branches:
Dungeon (15/15)            Temple (1/1) D:6            Lair (6/6) D:10
  Swamp (4/4) Lair:3        Snake (4/4) Lair:2        Slime (5/5) Lair:5
    Orc (2/2) D:12            Elf (3/3) Orc:2        Vaults (5/5) D:14
  Crypt (0/3) Vaults:2     Depths (4/4) D:15           Hell (visited)
    Dis (0/7) Hell            Geh (0/7) Hell            Coc (0/7) Hell
    Tar (0/7) Hell            Zot (0/5) Depths:4    Ossuary (visited)
Volcano (visited)

Altars:
Ashenzari
Cheibriados
Dithmenos
Fedhas
Gozag
Hepliaklqana
Kikubaaqudgha
Makhleb
Nemelex Xobeh
Okawaru
Qazlal
Ru
Sif Muna
Trog
Uskayaw
Vehumet
Wu Jian
Xom
Yredelemnul
Zin
The Shining One
Beogh
Jiyva
Lugonu

Shops:
D:9 (   D:14 ?   Orc:1 :   Orc:2 !?[(   Snake:2 ?(   Snake:3 *(   Snake:4 :
Vaults:4 ?   Vaults:5 *   Depths:4 *

Portals:
Hell: Depths:1 Depths:2 Depths:4
Abyss: Lair:6 Depths:4
Pandemonium: Depths:2
Ziggurat: Depths:1

Annotations:
D:2 1 runed translucent door, Crazy Yiuf
D:3 Terence
D:11 1 runed translucent door
D:15 2 transporters, qipq's ghost, journeyman DsEE
Lair:6 3 runed translucent doors, CryoSword's ghost, journeyman DsFi Arena Lom Lobon


Innate Abilities, Weirdness & Mutations

You have a pair of horns on your head.
You reflexively headbutt those who attack you in melee.
You have very sharp teeth.
You are very clumsy. (Dex -4)
You are strong-willed. (Will+)
You have hidden genetic potential.
You sometimes lose the ability to read scrolls when taking damage.


Message History

Lom Lobon conjures a mighty blast of ice!
The great icy blast engulfs you!!!! You partially resist.
* * * LOW HITPOINT WARNING * * *
You are encased in ice.
You cannot read scrolls in your current state!
Unknown command.
Okay, then.
Unknown command.
Okay, then.
You feel much better.
You are engulfed in freezing vapours.
You resist.
* * * LOW HITPOINT WARNING * * *
Lom Lobon gestures. 3 ball lightnings come into view.
Press: ? - help, v - describe, . - travel The floor.
There is a cloud of freezing vapour here.
You are engulfed in freezing vapours.
You resist.
* * * LOW HITPOINT WARNING * * *
The ice encasing you melts away.
The ball lightning explodes!
The blast of lightning engulfs Lom Lobon.
Lom Lobon completely resists.
The blast of lightning engulfs the ball lightning.
The ball lightning completely resists.
The blast of lightning engulfs you. You resist.
* * * LOW HITPOINT WARNING * * *
The blast of lightning engulfs the ball lightning.
The ball lightning completely resists.
The ball lightning explodes!
The blast of lightning engulfs you! You resist.
* * * LOW HITPOINT WARNING * * *
The blast of lightning engulfs the ball lightning.
The ball lightning completely resists.
Lom Lobon gestures at you.
Lom Lobon conjures a mighty blast of ice!
The great icy blast engulfs the ball lightning!!!
The ball lightning partially resists.
The great icy blast engulfs you!!! You partially resist.
You die...
Okawaru crowns Lom Lobon victorious!

###########
#..ppppp..#
#.▓▓▓▓▓▓▓.#
#.▓...§§▓.#
#p▓..§§§▓p#
#p▓.§§§§▓p#
#p▓&§§§§▓p#
#p▓.§@§§▓p#
#.▓▓▓▓▓▓▓.#
#..p▓∩▓p..#
###########


You could see Lom Lobon (gusty).

Vanquished Creatures
  Cerebov (Arena)
  the Royal Jelly (Slime:5)
  Gloorx Vloq (Arena)
  A seraph (Pan)
  Mnoleg (Pan)
  An ancient lich (Depths:2)
  Mara (Snake:3)
  A juggernaut (Depths:4)
  Sojobo (Depths:1)
  Frederick (Vaults:4)
  Vashnia (Snake:2)
  A pandemonium lord (Pan)
  2 golden dragons
  Geryon (Hell)
  A golden dragon (shapeshifter) (Depths:3)
  A pearl dragon (Pan)
  4 Tzitzimimeh (Pan)
  4 bone dragons
  2 Brimstone Fiends (Pan)
  4 Hell Sentinels (Pan)
  Jorgrun (D:14)
  3 hellephants (Abyss:4)
  8 searing wretches (Hell)
  4 titans (Vaults:5)
  An Ice Fiend (Pan)
  9 tentacled monstrosities
  Rupert (D:14)
  4 liches
  3 quicksilver dragons
  Asterion (Elf:2)
  16 acid blobs
  2 deep elf master archers (Elf:3)
  9 Executioners (Pan)
  3 deep elf blademasters (Elf:3)
  The ghost of Qiofeum the Severer, an adept HOMo of Beogh (Snake:4)
  An ancient champion (Hell)
  6 sphinxes
  Gastronok (D:9)
  3 tentacled starspawn
  4 thorn hunters
  The ghost of popps the Tortoise, an adept MiBe of Trog (Swamp:2)
  2 fenstrider witches
  3 tengu reavers
  Kirke (D:14)
  11 shadow dragons
  A storm dragon (shapeshifter) (Depths:3)
  14 azure jellies
  3 storm dragons
  4 nagarajas (Snake:4)
  2 demonspawn warmongers (Pan)
  A draconian knight (Depths:4)
  6 fire giants
  17 daevas (Pan)
  8 rockslimes
  Louise (D:14)
  3 orc warlords
  10 frost giants
  15 vault wardens
  A ghost moth (shapeshifter) (Depths:3)
  Aizul (Snake:4)
  7 deep elf sorcerers
  2 iron dragons
  19 ironbound preservers
  25 balrugs
  2 curse skulls (Pan)
  7 cacodemons (Pan)
  7 deep elf elementalists
  3 demonspawn corrupters (Pan)
  The ghost of Beokerod the Cryomancer, an adept DECj of Hepliaklqana (Snake:2)
  10 demonspawn blood saints (Pan)
  24 angels
  A spriggan defender (Depths:2)
  10 war gargoyles
  10 reapers
  42 very ugly things
  15 ophanim (Pan)
  6 quicksilver oozes
  3 draconian shifters
  A stone giant (shapeshifter) (Depths:3)
  11 stone giants
  A green draconian (Depths:4)
  30 apis (Pan)
  A wendigo (Depths:4)
  8 lorocyprocas
  3 putrid mouths (Hell)
  5 ironbound thunderhulks
  6 deep elf demonologists
  4 vampire knights
  A bunyip (shapeshifter) (Vaults:5)
  3 demonspawn black suns (Pan)
  A halazid warlock (Hell)
  4 eleionomae
  22 dire elephants
  5 entropy weavers
  4 yellow draconians (Depths:4)
  7 deep elf annihilators
  A black draconian (Depths:4)
  A minotaur (shapeshifter) (Depths:3)
  4 bunyips
  Azrael (Elf:1)
  A spark wasp (Depths:1)
  Snorg (D:10)
  4 blizzard demons
  3 crystal guardians
  An iron golem (Depths:3)
  A green death (Pan)
  10 deep elf death magi
  7 fire dragons
  5 ettins
  10 deep elf high priests
  Josephine (D:11)
  11 yaktaur captains
  Fannar (Lair:1)
  12 great orbs of eyes
  2 shambling mangroves (Swamp:2)
  Erolcha (D:11)
  29 vault guards
  A quicksilver dragon skeleton (Depths:2)
  6 ice dragons
  Harold (Lair:1)
  2 great orbs of eyes (shapeshifter)
  37 hydras
  16 naga warriors
  A hell beast (Pan)
  5 peacekeepers
  6 salamander tyrants
  4 rakshasas
  3 boulder beetles
  9 ironbound frosthearts
  2 spriggan skeletons
  2 stokers (Hell)
  A spectral tengu (Depths:2)
  3 ghost crabs (D:11)
  Erica (D:8)
  8 two-headed ogres
  4 anacondas
  An ogre mage (Vaults:5)
  11 centaur warriors
  2 death knights (D:14)
  A spectral fire giant (Depths:2)
  A spectral frost giant (Depths:2)
  3 catoblepae
  5 alligators
  6 deep troll earth magi
  2 deep troll shamans
  A tengu warrior (Depths:1)
  7 death yaks
  10 hell hogs
  2 vampire magi
  Urug (D:11)
  9 thrashing horrors
  40 dancing weapons
  12 shock serpents
  12 soul eaters
  15 hell knights (Hell)
  2 orc high priests
  23 naga sharpshooters
  18 deep elf knights
  47 sun demons
  10 skeletal warriors
  4 shadow wraiths (Pan)
  A titan skeleton (Pan)
  5 iron trolls
  8 goliath frogs
  4 salamander mystics
  6 fire crabs (D:11)
  14 cherubim (Pan)
  A spark wasp zombie (Depths:2)
  5 wretched stars
  5 sixfirhies (Pan)
  A spatial maelstrom (Abyss:4)
  4 spriggan druids
  8 starcursed masses
  4 glowing orange brains
  72 deep trolls
  9 sea snakes
  6 naga ritualists
  2 phantasmal warriors (Vaults:5)
  A tengu zombie (Vaults:1)
  19 swamp dragons
  3 flayed ghosts
  3 wizards
  2 obsidian statues (Depths:3)
  4 bog bodies
  16 deep elf archers
  5 shadow demons (Pan)
  23 ironbound convokers
  10 orc knights
  2 harpies (Elf:2)
  7 necromancers
  24 deep elf zephyrmancers
  20 lindwurms
  24 ugly things
  2 lindwurms (shapeshifter) (Vaults:5)
  3 cyclopes
  A worldbinder (Abyss:4)
  19 mana vipers
  A wolf spider (shapeshifter) (Depths:3)
  27 deep elf pyromancers
  2 orc sorcerers
  A will-o-the-wisp (Swamp:3)
  12 manticores
  22 salamanders
  A stone giant zombie (Vaults:1)
  7 shining eyes
  17 elephants
  21 vault sentinels
  12 guardian serpents
  45 black mambas
  A frost giant skeleton (Depths:2)
  2 eyes of devastation
  A stone giant skeleton (Hell)
  3 apocalypse crabs
  An eye of devastation (shapeshifter) (Vaults:5)
  7 cane toads
  An alligator snapping turtle zombie (Hell)
  2 black mambas (shapeshifter)
  Joseph (D:7)
  18 smoke demons
  17 naga magi
  2 rust devils (Hell)
  A dire elephant skeleton (Pan)
  12 orange demons
  A torpor snail (shapeshifter) (Depths:3)
  A cane toad (shapeshifter) (D:14)
  3 unseen horrors
  2 torpor snails (Lair:6)
  Maurice (Orc:1)
  A komodo dragon (shapeshifter) (Elf:2)
  Maggie (D:8)
  2 rime drakes
  2 tormentors
  12 komodo dragons
  30 yaktaurs
  8 freezing wraiths
  9 demonic crawlers
  A yaktaur (shapeshifter) (D:14)
  A kobold demonologist (D:14)
  6 red devils (Pan)
  6 ancient zymes
  9 hellwings
  4 tengu conjurers
  A queen bee (shapeshifter) (D:14)
  8 efreet
  7 trolls
  5 polar bears
  2 wind drakes (Depths:3)
  10 tyrant leeches
  Prince Ribbit (D:8)
  A wind drake (shapeshifter) (Abyss:1)
  100 slime creatures
  7 dream sheep
  10 hornets
  A spriggan zombie (Depths:2)
  10 raiju
  28 blink frogs
  A harpy skeleton (Pan)
  A dream sheep (shapeshifter) (Depths:4)
  A snapping turtle (shapeshifter) (Depths:3)
  A vampire (D:8)
  12 spriggans
  11 air elementals
  2 shadows
  A centaur simulacrum (D:13)
  16 ynoxinuls
  A fire dragon skeleton (Pan)
  A dire elephant simulacrum (Hell)
  8 water elementals
  5 wraiths
  66 yaks
  3 wyverns
  A basilisk (shapeshifter) (Depths:3)
  9 fire elementals
  5 hogs (D:14)
  5 fire bats (Volcano)
  4 golden eyes
  Eustachio (D:4)
  An elf skeleton (Vaults:1)
  A redback (Vaults:1)
  11 basilisks
  9 chaos spawn
  9 neqoxecs (Pan)
  A redback (shapeshifter) (Depths:3)
  3 steam dragons (Volcano)
  12 vampire mosquitoes
  3 wargs (Orc:1)
  Menkaure (D:4)
  14 swamp worms
  22 large abominations
  3 spatial vortices (Abyss:4)
  2 acid dragons
  21 hell hounds
  57 nagas
  Duvessa (D:7)
  21 water moccasins
  2 black bears (D:7)
  45 orc warriors
  2 ice beasts
  12 swamp drakes
  2 ettin simulacra (Hell)
  A black bear (shapeshifter) (Lair:6)
  A sky beast (D:6)
  2 necrophages (D:6)
  6 ogres
  14 centaurs
  An ogre (shapeshifter) (Vaults:5)
  8 boggarts
  5 wolves (Lair:3)
  A phantom (D:4)
  4 kobold brigands (D:10)
  13 bullfrogs
  16 earth elementals
  A wyvern zombie (D:7)
  2 water moccasin zombies
  A glowing shapeshifter simulacrum (Depths:4)
  4 scorpions
  Dowan (D:7)
  A water moccasin skeleton (D:7)
  21 killer bees
  5 wights (D:7)
  9 electric eels
  A vampire bat (Lair:3)
  5 howler monkeys
  7 crimson imps (Pan)
  2 centaur zombies (Ossuary)
  A quasit (Pan)
  A hound (D:6)
  36 orc priests
  9 jellies
  17 small abominations
  A centaur skeleton (D:4)
  An iron imp (Abyss:1)
  2 iguanas
  Ijyb (D:4)
  28 orc wizards
  6 hell rats (Lair:2)
  3 ogre zombies (Ossuary)
  3 hound skeletons
  7 mummies (Ossuary)
  Robin (D:3)
  6 adders
  3 white imps
  An ufetubus (Abyss:1)
  An adder skeleton (D:5)
  4 adder zombies (Ossuary)
  119 orcs
  11 bats
  14 endoplasms
  3 giant cockroaches
  10 goblins
  5 hobgoblins
  3 jackals (D:5)
  12 kobolds
  2 quokkas
  4 ball pythons
  2 gnoll zombies (Ossuary)
  7 goblin zombies (Ossuary)
  4 hobgoblin zombies (Ossuary)
  A quokka zombie (Ossuary)
  2 rats
  2 rat zombies (Ossuary)
  A ball lightning (Depths:3)
  A briar patch (Swamp:3)
  16 fire vortices (Hell)
  7 starspawn tentacles (Abyss:1)
2763 creatures vanquished.

Vanquished Creatures (others)
  A fire giant (Depths:1)
  A demonspawn blood saint (Pan)
  A fire dragon (Volcano)
  A shadow demon (Hell)
  A phantasmal warrior (Hell)
  A deep elf pyromancer (Elf:2)
  A guardian serpent (Snake:1)
  A storm dragon simulacrum (Depths:4)
  A tengu conjurer (D:14)
  3 bloated husks (Swamp:2)
  2 water elementals (Depths:3)
  A neqoxec (Pan)
  A hell hound (Elf:1)
  A small abomination (Abyss:4)
  3 electric eels (D:14)
  A crimson imp (Pan)
  16 ball lightnings
  5 briar patches
  A bush (Lair:1)
  A fire vortex (Hell)
  2 foxfires (Swamp:3)
  18 fungi
  81 plants
  8 starspawn tentacles
  9 toadstools (D:3)
162 creatures vanquished.

Grand Total: 2925 creatures vanquished

Notes
Turn   | Place    | Note
-------+----------+-------------------------------------------
     0 | D:1      | Exodus22XD the Minotaur Fighter began the quest for the
                  | Orb.
     0 | D:1      | Reached XP level 1. HP: 19/19 MP: 0/0
   438 | D:1      | Reached XP level 2. HP: 22/27 MP: 1/1
   991 | D:2      | Reached XP level 3. HP: 8/33 MP: 2/2
  1855 | D:2      | Reached XP level 4. HP: 41/41 MP: 3/3
  2044 | D:2      | Found a runed translucent door.
  2045 | D:2      | Noticed Crazy Yiuf
  2092 | D:3      | Found an opulent altar of Gozag.
  2139 | D:3      | Found a hazy altar of Hepliaklqana.
  2140 | D:3      | Found an ornate altar of the Wu Jian Council.
  2142 | D:3      | Noticed Terence
  2143 | D:3      | Found a shimmering altar of Xom.
  2485 | D:3      | Identified the +0 helmet of the Onion {*Corrode rF++ Dex+4
                  | SInv}
  2485 | D:3      | Noticed Robin
  2511 | D:3      | Killed Robin
  2879 | D:3      | Reached XP level 5. HP: 44/47 MP: 4/4
  2885 | D:3      | HP: 2/47 [frozen (5)]
  2886 | D:3      | Reached skill level 5 in Fighting
  3358 | D:3      | Noticed a centaur
  3368 | D:3      | Killed a centaur
  3369 | D:3      | Reached skill level 5 in Axes
  3369 | D:3      | Reached XP level 6. HP: 43/56 MP: 5/5
  3601 | D:4      | Reached skill level 5 in Armour
  3773 | D:4      | Reached XP level 7. HP: 16/61 MP: 6/6
  4060 | D:4      | Noticed Eustachio
  4093 | D:4      | Killed Eustachio
  4239 | D:4      | Noticed Menkaure
  4244 | D:4      | Killed Menkaure
  4245 | D:4      | Reached skill level 5 in Shields
  4507 | D:4      | Noticed Ijyb
  4523 | D:4      | Killed Ijyb
  5113 | D:5      | Entered Level 5 of the Dungeon
  5243 | D:5      | Reached XP level 8. HP: 64/71 MP: 7/7
  6545 | D:6      | Found a burning altar of Makhleb.
  6839 | D:6      | Found a staircase to the Ecumenical Temple.
  7059 | D:6      | Reached skill level 10 in Axes
  7059 | D:6      | Reached XP level 9. HP: 79/79 MP: 8/8
  7240 | D:7      | Found a sparkling altar of Nemelex Xobeh.
  7314 | D:7      | Noticed Duvessa
  7314 | D:7      | Noticed Dowan
  7329 | D:7      | Killed Duvessa
  7330 | D:7      | Killed Dowan
  7406 | D:7      | Found a sand-covered staircase.
  7425 | Ossuary  | Entered an ossuary
  7707 | Ossuary  | HP: 1/81 [mummy (14)]
  8423 | Ossuary  | Identified a scroll of acquirement
  8425 | Ossuary  | Acquired the ring of Atroz {Fly Will+ Str+7}
  8454 | D:7      | Noticed Joseph
  8475 | D:7      | Found a glowing silver altar of Zin.
  8561 | D:7      | Acquired the +0 pair of gloves of Makhleb's Delight {rF+
                  | Will+ Dex+7 Stlth-}
  8768 | D:7      | Killed Joseph
  8863 | D:7      | Killed an unseen horror
  9782 | D:8      | Noticed Erica
  9793 | D:8      | Killed Erica
  9794 | D:8      | Reached XP level 10. HP: 64/90 MP: 9/9
  9969 | D:8      | Noticed a two-headed ogre
  9981 | D:8      | Killed a two-headed ogre
 10263 | D:8      | Noticed Maggie
 10277 | D:8      | Killed Maggie
 10541 | D:8      | Noticed a centaur warrior
 10545 | D:8      | Noticed a four-headed hydra
 10895 | D:8      | Killed a centaur warrior
 10896 | D:8      | Reached skill level 10 in Armour
 10896 | D:8      | Reached skill level 1 in Evocations
 10990 | D:8      | Killed a five-headed hydra
 10991 | D:8      | Reached skill level 1 in Polearms
 10994 | D:8      | Found the +9 heavy crossbow "Sniper" {vorpal, Acc+∞ SInv}
 11553 | D:8      | Noticed Prince Ribbit
 11554 | D:8      | Found a blossoming altar of Fedhas.
 11560 | D:8      | Reached skill level 10 in Fighting
 11563 | D:8      | Killed Prince Ribbit
 11564 | D:8      | Reached XP level 11. HP: 93/99 MP: 10/10
 11735 | Temple   | Entered the Ecumenical Temple
 11830 | Temple   | Became a worshipper of Warmaster Okawaru
 12329 | D:9      | Found a broken altar of Ashenzari.
 12331 | D:9      | Noticed Gastronok
 12345 | D:9      | Killed Gastronok
 12346 | D:9      | Reached skill level 1 in Invocations
 12359 | D:9      | Noticed a two-headed ogre
 12365 | D:9      | Killed a two-headed ogre
 12365 | D:9      | Reached * piety under Okawaru
 12567 | D:9      | Noticed a two-headed ogre
 12573 | D:9      | Killed a two-headed ogre
 12573 | D:9      | Reached ** piety under Okawaru
 12773 | D:9      | Found Adees's Weapon Boutique.
 13395 | D:9      | Found a sacrificial altar of Ru.
 13435 | D:10     | Entered Level 10 of the Dungeon
 13692 | D:10     | Reached *** piety under Okawaru
 13849 | D:10     | Noticed Snorg
 13857 | D:10     | Killed Snorg
 14122 | D:10     | Found a staircase to the Lair.
 14187 | D:10     | Noticed a three-headed hydra
 14191 | D:10     | Killed a one-headed hydra
 14191 | D:10     | Reached **** piety under Okawaru
 14362 | D:10     | Reached skill level 15 in Axes
 14362 | D:10     | Reached XP level 12. HP: 101/110 MP: 14/14
 14580 | D:11     | Noticed Erolcha
 14589 | D:11     | Killed Erolcha
 14928 | D:11     | Noticed a two-headed ogre
 14938 | D:11     | Killed a two-headed ogre
 14938 | D:11     | Reached ***** piety under Okawaru
 15056 | D:11     | Found a runed translucent door.
 15322 | D:11     | Noticed Urug
 15337 | D:11     | Killed Urug
 15735 | D:11     | Reached skill level 5 in Invocations
 15735 | D:11     | Found a runed translucent door.
 15736 | D:11     | Noticed a boulder beetle
 15736 | D:11     | Noticed a centaur warrior
 15737 | D:11     | Noticed an ettin
 15856 | D:11     | Noticed Josephine
 15872 | D:11     | Killed Josephine
 15872 | D:11     | Identified the +0 chain mail "Rudar" {Int+7} (Okawaru
                  | gifted it to you on level 11 of the Dungeon)
 15872 | D:11     | Received a gift from Okawaru
 16577 | D:11     | Noticed an entropy weaver
 16593 | D:11     | Killed an entropy weaver
 16613 | D:11     | Noticed an entropy weaver
 16629 | D:11     | Killed an entropy weaver
 16991 | D:11     | Noticed a ghost crab
 16999 | D:11     | Killed a ghost crab
 17003 | D:11     | Noticed a ghost crab
 17004 | D:11     | Noticed an entropy weaver
 17020 | D:11     | Killed a ghost crab
 17022 | D:11     | Killed an entropy weaver
 17292 | D:11     | Noticed a ghost crab
 17304 | D:11     | Killed a ghost crab
 17474 | D:11     | Noticed an entropy weaver
 17483 | D:11     | Killed an entropy weaver
 17484 | D:11     | Found the dreamshard necklace {*Dream Drain}
 17492 | D:11     | Reached XP level 13. HP: 74/119 MP: 16/16
 17850 | Lair:1   | Entered Level 1 of the Lair of Beasts
 17902 | Lair:1   | Noticed Fannar
 17916 | Lair:1   | Killed Fannar
 17963 | Lair:1   | Noticed Harold
 17974 | Lair:1   | Killed Harold
 17974 | Lair:1   | Identified the +0 pair of gloves of the Ward {Will+}
                  | (Okawaru gifted it to you on level 1 of the Lair of Beasts)
 17974 | Lair:1   | Received a gift from Okawaru
 17985 | Lair:1   | Identified the +3 mace of Gallantry {drain, Str+2 SInv}
 18915 | Lair:2   | Found a staircase to the Snake Pit.
 19948 | Lair:3   | Reached skill level 10 in Shields
 20493 | Lair:3   | Received a gift from Okawaru
 21360 | Lair:3   | Reached XP level 14. HP: 132/132 MP: 19/19
 21557 | Lair:3   | Found a staircase to the Swamp.
 22009 | Lair:4   | Identified the +10 spear of Pestilence {vorpal, Int+6}
 22191 | Lair:4   | Found a dark tunnel.
 22472 | Volcano  | Entered a volcano
 23349 | Lair:5   | Found a viscous altar of Jiyva.
 23350 | Lair:5   | Found a staircase to the Slime Pits.
 23508 | Lair:5   | Reached skill level 15 in Fighting
 23512 | Lair:5   | Identified the +2 hat of the Shrike {Regen+ Str+4} (Okawaru
                  | gifted it to you on level 5 of the Lair of Beasts)
 23512 | Lair:5   | Received a gift from Okawaru
 23858 | Lair:6   | Entered Level 6 of the Lair of Beasts
 24108 | Lair:6   | Found a runed translucent gate.
 24108 | Lair:6   | Found a runed translucent gate.
 24108 | Lair:6   | Found a runed translucent gate.
 24108 | Lair:6   | Noticed an azure jelly
 24108 | Lair:6   | Noticed an acid blob
 24108 | Lair:6   | Noticed an azure jelly
 24108 | Lair:6   | Noticed an acid blob
 24108 | Lair:6   | Noticed an acid blob
 24108 | Lair:6   | Noticed an azure jelly
 24108 | Lair:6   | Noticed CryoSword's ghost (journeyman DsFi)
 24108 | Lair:6   | Noticed an acid blob
 24108 | Lair:6   | Noticed an azure jelly
 24108 | Lair:6   | Noticed an acid blob
 24108 | Lair:6   | Noticed an acid blob
 24140 | Lair:6   | Noticed a rockslime
 24208 | Lair:6   | Reached skill level 15 in Armour
 24215 | Lair:6   | Reached ****** piety under Okawaru
 24764 | Lair:6   | Reached XP level 15. HP: 83/143 MP: 21/21
 25120 | Lair:6   | Found a corrupted altar of Lugonu.
 25120 | Lair:6   | Found a one-way gate to the infinite horrors of the Abyss.
 25133 | Lair:6   | Reached skill level 10 in Invocations
 25274 | Lair:6   | Found a viscous altar of Jiyva.
 25562 | D:12     | Found a shadowy altar of Dithmenos.
 25609 | D:12     | Identified the +1 crystal plate armour of Daffodils {rC+
                  | Str+2 Slay-4} (Okawaru gifted it to you on level 12 of the
                  | Dungeon)
 25609 | D:12     | Received a gift from Okawaru
 25792 | D:12     | Found a staircase to the Orcish Mines.
 26306 | Orc:1    | Entered Level 1 of the Orcish Mines
 26322 | Orc:1    | Noticed an orc warlord
 26327 | Arena    | Entered the Arena
 26347 | Arena    | Killed an orc warlord
 26442 | Orc:1    | Noticed Maurice
 26451 | Orc:1    | Killed Maurice
 26694 | Orc:1    | Found Emoschoh's Self-Improvement Boutique.
 26821 | Orc:2    | Entered Level 2 of the Orcish Mines
 26937 | Orc:2    | Found a staircase to the Elven Halls.
 27053 | Orc:2    | Found a shimmering blue altar of Sif Muna.
 27175 | Orc:2    | Found Egaonogu's Magic Scroll Emporium.
 27424 | Orc:2    | Found Jur Vurgh's Distillery.
 27499 | Orc:2    | Noticed an orc warlord
 27527 | Orc:2    | Killed an orc warlord
 27662 | Orc:2    | Found Fegug's Antique Weapon Shoppe.
 27664 | Orc:2    | Found Kami's Antique Armour Emporium.
 27822 | Orc:2    | Bought a scroll of fear for 42 gold pieces
 27822 | Orc:2    | Bought a scroll of blinking for 90 gold pieces
 27822 | Orc:2    | Bought a scroll of silence for 90 gold pieces
 27822 | Orc:2    | Bought a scroll of enchant armour for 90 gold pieces
 27862 | Orc:2    | Bought a potion of might for 52 gold pieces
 27862 | Orc:2    | Bought a potion of haste for 130 gold pieces
 28052 | Snake:1  | Entered Level 1 of the Snake Pit
 28171 | Snake:1  | Received a gift from Okawaru
 28815 | Snake:2  | Found Ureg Soxedd's Magic Scroll Boutique.
 28896 | Snake:2  | Found Araeleduy's Weapon Boutique.
 28916 | Snake:2  | Bought a scroll of identify for 32 gold pieces
 28916 | Snake:2  | Bought a scroll of enchant weapon for 120 gold pieces
 29087 | Snake:2  | Reached XP level 16. HP: 152/154 MP: 23/23
 29378 | Snake:1  | Received a gift from Okawaru
 29602 | Snake:2  | Found a runed translucent door.
 29602 | Snake:2  | Noticed Beokerod's ghost (adept DECj)
 29614 | Snake:2  | Killed Beokerod's ghost
 29719 | Snake:2  | Identified the +9 longbow of Amorality {flame, rPois MP+9}
 29754 | Snake:2  | Noticed Vashnia
 29821 | Snake:2  | Killed Vashnia
 30015 | Snake:2  | Received a gift from Okawaru
 30481 | Snake:3  | Noticed Mara
 30505 | Snake:3  | Noticed Exodus22XD's illusion
 30508 | Snake:3  | Noticed Exodus22XD's illusion
 30531 | Snake:3  | Killed Mara
 30556 | Snake:3  | Found Hocof's Weapon Emporium.
 30556 | Snake:3  | Found Ejeh's General Store.
 30608 | Snake:3  | Bought a scroll of enchant weapon for 105 gold pieces
 30699 | Snake:3  | Identified the +5 lajatang of Key {elec, rCorr MP+9 Int+5
                  | Dex-2} (Okawaru gifted it to you on level 3 of the Snake
                  | Pit)
 30699 | Snake:3  | Received a gift from Okawaru
 30706 | Snake:3  | Reached skill level 15 in Shields
 31288 | Snake:4  | Entered Level 4 of the Snake Pit
 31304 | Snake:4  | Reached XP level 17. HP: 149/163 MP: 25/25
 31382 | Snake:4  | Identified the +3 ring mail "Leugg" {Rampage} (Okawaru
                  | gifted it to you on level 4 of the Snake Pit)
 31382 | Snake:4  | Received a gift from Okawaru
 31400 | Snake:4  | Found a transporter.
 31564 | Snake:4  | Noticed Qiofeum's ghost (adept HOMo)
 31566 | Snake:4  | Found a transporter.
 31633 | Snake:4  | Found a radiant altar of Vehumet.
 31636 | Snake:4  | Found Fuaff's Book Boutique.
 31936 | Snake:4  | Noticed a quicksilver dragon
 31936 | Snake:4  | Noticed a quicksilver dragon
 31937 | Arena    | Entered the Arena
 31941 | Arena    | Killed a quicksilver dragon
 31952 | Snake:4  | Killed a quicksilver dragon
 31974 | Snake:4  | Got a serpentine rune of Zot
 32446 | Snake:4  | Noticed Aizul
 32458 | Snake:4  | Killed Aizul
 33062 | Swamp:1  | Entered Level 1 of the Swamp
 33378 | Swamp:1  | You are sucked into a shaft and drop 1 floor!
 33391 | Swamp:2  | Received a gift from Okawaru
 34373 | Swamp:2  | Noticed a tentacled monstrosity
 34381 | Swamp:2  | Killed a tentacled monstrosity
 34386 | Swamp:2  | Reached XP level 18. HP: 154/176 MP: 27/27
 34703 | Swamp:2  | Found a runed translucent gate.
 34703 | Swamp:2  | Found a runed translucent gate.
 34703 | Swamp:2  | Found a runed translucent gate.
 34704 | Swamp:2  | Noticed popps's ghost (adept MiBe)
 34753 | Swamp:2  | Killed popps's ghost
 35529 | Swamp:4  | Entered Level 4 of the Swamp
 35589 | Swamp:4  | Received a gift from Okawaru
 35816 | Swamp:4  | Received a gift from Okawaru
 36024 | Swamp:4  | Got a decaying rune of Zot
 37198 | D:14     | Received a gift from Okawaru
 37201 | D:14     | Found a gate to the Vaults.
 37203 | D:14     | Noticed Louise
 37222 | D:14     | Killed Louise
 37624 | D:14     | Found Bogih's Magic Scroll Boutique.
 37630 | D:14     | Bought a scroll of blinking for 82 gold pieces
 37630 | D:14     | Bought a scroll of teleportation for 33 gold pieces
 37661 | D:14     | Noticed Kirke
 37661 | D:14     | Noticed Rupert
 37674 | D:14     | Noticed Jorgrun
 37676 | D:14     | Killed Rupert
 37681 | D:14     | Killed Kirke
 37692 | D:14     | Killed Jorgrun
 37693 | D:14     | Reached XP level 19. HP: 84/185 MP: 22/28
 38247 | Vaults:1 | Entered Level 1 of the Vaults
 38413 | Vaults:1 | Upgraded the game from 0.28.0-49-g6dfe1f597d to
                  | 0.28.0-53-g5a82cb258f
 38901 | Vaults:1 | Received a gift from Okawaru
 38918 | Vaults:1 | Found a crumbling gateway.
 39168 | Vaults:1 | Reached skill level 15 in Invocations
 40250 | Vaults:2 | Identified the +3 falchion of Delicate Guilt {vorpal,
                  | *Noise Dex+5}
 40445 | Vaults:2 | Identified the +5 war axe of Henotheism {freeze, rElec
                  | rPois} (Okawaru gifted it to you on level 2 of the Vaults)
 40445 | Vaults:2 | Received a gift from Okawaru
 40477 | Vaults:2 | Found a staircase to the Crypt.
 40652 | Vaults:2 | Reached XP level 20. HP: 180/198 MP: 30/30
 41245 | Vaults:3 | Received a gift from Okawaru
 41881 | Vaults:3 | Reached XP level 21. HP: 207/207 MP: 32/32
 41887 | Vaults:3 | Found a gateway to a bazaar.
 41899 | Bazaar   | Entered a bazaar
 41899 | Bazaar   | Found Logycw's Magic Scroll Shoppe.
 41906 | Bazaar   | Found Kapsaiwo's Book Emporium.
 41914 | Bazaar   | Found Nimosaw's Antique Armour Boutique.
 41923 | Bazaar   | Found Hasikhiy's Magic Scroll Shoppe.
 41975 | Bazaar   | Bought a scroll of fear for 49 gold pieces
 41975 | Bazaar   | Bought a scroll of blinking for 105 gold pieces
 41999 | Bazaar   | Bought a scroll of blinking for 52 gold pieces
 41999 | Bazaar   | Bought a scroll of teleportation for 21 gold pieces
 41999 | Bazaar   | Bought a scroll of silence for 52 gold pieces
 41999 | Bazaar   | Bought a scroll of silence for 52 gold pieces
 42023 | Bazaar   | Bought a scroll of teleportation for 42 gold pieces
 42049 | Bazaar   | Bought a scroll of brand weapon for 140 gold pieces
 42440 | Vaults:4 | Noticed Frederick
 42451 | Vaults:4 | Killed Frederick
 42715 | Vaults:4 | Found Ruuto's Magic Scroll Shop.
 42722 | Vaults:4 | Identified the +2 tower shield of Trumpets {+Blink rCorr
                  | Int+3 Dex-4} (Okawaru gifted it to you on level 4 of the
                  | Vaults)
 42722 | Vaults:4 | Received a gift from Okawaru
 42738 | Vaults:4 | Bought a scroll of enchant weapon for 112 gold pieces
 43317 | Vaults:4 | Reached XP level 22. HP: 104/215 MP: 33/33
 43797 | Vaults:5 | Entered Level 5 of the Vaults
 43811 | Vaults:5 | Received a gift from Okawaru
 43869 | Vaults:5 | Identified the +6 scimitar of Conscience {vorpal, Fragile
                  | rN+ Int+8}
 43869 | Vaults:5 | Identified the amulet "Cakof" {RegenMP rCorr}
 43894 | Vaults:5 | Found Kynopem's General Store.
 44123 | Vaults:5 | Identified the +0 broad axe "Goheow" {spect, rElec rF+
                  | Dex+3} (Okawaru gifted it to you on level 5 of the Vaults)
 44123 | Vaults:5 | Received a gift from Okawaru
 44872 | Vaults:5 | Noticed a golden dragon
 44883 | Vaults:5 | Killed a golden dragon
 45019 | Vaults:5 | Identified the -2 pair of boots of Cocytus {rElec} (Okawaru
                  | gifted it to you on level 5 of the Vaults)
 45019 | Vaults:5 | Received a gift from Okawaru
 45115 | Vaults:5 | Got a silver rune of Zot
 45586 | Elf:1    | Entered Level 1 of the Elven Halls
 46047 | Elf:1    | Noticed Azrael
 46075 | Elf:1    | Killed Azrael
 46084 | Elf:1    | Reached XP level 23. HP: 216/223 MP: 35/35
 46251 | Elf:1    | Acquired 1039 gold pieces
 46647 | Elf:2    | Noticed Asterion
 46660 | Elf:2    | Killed Asterion
 46819 | Elf:2    | Paralysed by an air elemental for 1 turns
 46824 | Elf:2    | Received a gift from Okawaru
 47150 | Elf:2    | Found a runed translucent gate.
 47151 | Elf:2    | Found a runed translucent gate.
 47151 | Elf:2    | Found a runed translucent gate.
 47513 | Elf:2    | Received a gift from Okawaru
 47614 | Elf:3    | Entered Level 3 of the Elven Halls
 48915 | Elf:3    | Identified the +5 arbalest "Dumess" {speed, Int+4}
 48955 | Elf:3    | Identified the ring of Eternity {rCorr Str+5}
 48973 | Elf:3    | Identified the +4 plate armour of Irymuuraa {rC+ Regen+}
 48975 | Elf:3    | Identified the +1 chain mail "Lalurowa" {rC+ rN+ Regen+
                  | Str+3}
 49074 | Elf:3    | Identified the +1 ring mail of Knowledge {Str+2 Int+4
                  | Dex+5}
 49519 | D:15     | Entered Level 15 of the Dungeon
 49686 | D:15     | Found a hazy altar of Hepliaklqana.
 49879 | D:15     | Noticed qipq's ghost (journeyman DsEE)
 49887 | D:15     | Found a transporter.
 49893 | D:15     | Found a bloodstained altar of Trog.
 49907 | D:15     | Found a transporter.
 49927 | D:15     | Reached skill level 1 in Long Blades
 49970 | D:15     | Reached skill level 1 in Staves
 49973 | D:15     | Reached skill level 1 in Slings
 49983 | D:15     | Reached skill level 1 in Short Blades
 49991 | D:15     | Found a staircase to the Depths.
 50069 | D:15     | Reached skill level 1 in Unarmed Combat
 50506 | Depths:1 | Entered Level 1 of the Depths
 50607 | Depths:1 | Reached skill level 1 in Maces & Flails
 50614 | Depths:1 | Reached skill level 1 in Earth Magic
 50614 | Depths:1 | Reached XP level 24. HP: 206/231 MP: 31/37
 50619 | Depths:1 | Reached skill level 5 in Evocations
 50625 | Depths:1 | Received a gift from Okawaru
 50727 | Depths:1 | Found a hide-covered altar of Uskayaw.
 50845 | Depths:1 | Found a gateway to Hell.
 51007 | Depths:1 | Noticed Sojobo
 51024 | Depths:1 | Received a gift from Okawaru
 51057 | Depths:1 | Killed Sojobo
 51111 | Depths:1 | Received a gift from Okawaru
 51151 | Depths:1 | Reached skill level 5 in Polearms
 51164 | Depths:1 | Found a one-way gateway to a ziggurat.
 51246 | Depths:1 | Found an opulent altar of Gozag.
 51676 | Depths:2 | Noticed an ancient lich
 51714 | Depths:2 | Killed an ancient lich
 52639 | Depths:2 | Found a one-way gate leading to the halls of Pandemonium.
 52817 | Depths:2 | Identified the +10 scimitar of Eternal Vigilance {drain,
                  | Str-2 Int+3 Dex+2}
 52874 | Depths:3 | Paralysed by an air elemental for 1 turns
 52999 | Depths:3 | Reached skill level 10 in Polearms
 52999 | Depths:3 | Paralysed by an air elemental for 1 turns
 53085 | Depths:3 | Paralysed by an air elemental for 1 turns
 53106 | Depths:3 | Noticed a shard shrike
 53108 | Depths:3 | a shard shrike changed into an iron dragon
 53129 | Depths:3 | Received a gift from Okawaru
 53256 | Depths:3 | Identified the +1 scale mail of the Catfish {Fly rF+ Dex+2}
 53438 | Depths:3 | Reached skill level 10 in Evocations
 53518 | Depths:3 | Found the +6 arbalest "Damnation" {damnation}
 53616 | Depths:3 | Found the amulet of Vitality {Regen+ HP+15}
 53651 | Depths:4 | Entered Level 4 of the Depths
 53665 | Depths:4 | Reached skill level 1 in Throwing
 53828 | Depths:4 | Found a corrupted altar of Lugonu.
 53962 | Depths:4 | Found a gate to the Realm of Zot.
 53973 | Depths:4 | Reached XP level 25. HP: 173/238 MP: 37/37
 54104 | Depths:4 | Identified the +5 scale mail of a volcano {Will+} (Okawaru
                  | gifted it to you on level 4 of the Depths)
 54104 | Depths:4 | Received a gift from Okawaru
 54127 | Depths:4 | Found Big Baal Hell's Store.
 54389 | Depths:4 | Found a blossoming altar of Fedhas.
 54437 | Depths:4 | Noticed a juggernaut
 54447 | Depths:4 | Killed a juggernaut
 54597 | Depths:4 | Voluntarily entered the Abyss.
 55784 | Abyss:4  | Found a corrupted altar of Lugonu.
 55789 | Abyss:4  | Reached skill level 5 in Throwing
 55789 | Abyss:4  | Reached XP level 26. HP: 153/246 MP: 21/29
 55789 | Abyss:4  | Reached XP level 27. HP: 158/254 MP: 21/29
 55789 | Abyss:4  | Got an abyssal rune of Zot
 55921 | Depths:4 | Escaped the Abyss
 56151 | Hell     | Entered the Vestibule of Hell
 56151 | Hell     | Noticed Geryon
 56181 | Hell     | Killed Geryon
 56205 | Hell     | Reached skill level 15 in Polearms
 56644 | Hell     | Found a gateway to the ashen valley of Gehenna.
 57265 | Hell     | Found a gateway to the decaying netherworld of Tartarus.
 57337 | Hell     | Found a gateway to the Iron City of Dis.
 57402 | Hell     | Found a gateway to the freezing wastes of Cocytus.
 57893 | Slime:1  | Entered Level 1 of the Pits of Slime
 57893 | Slime:1  | You are sucked into a shaft and drop 1 floor!
 57972 | Slime:5  | Entered Level 5 of the Pits of Slime
 57988 | Slime:5  | Gained mutation: You are dopey. (Int -2) [a shining eye]
 57992 | Slime:5  | Gained mutation: Potions are less effective at restoring
                  | your health. [a shining eye]
 58007 | Slime:5  | Gained mutation: You have hidden genetic defects. [a
                  | shining eye]
 58025 | Slime:5  | Identified the +6 hand crossbow of Xallerr {vorpal, rF+
                  | Str+5} (Okawaru gifted it to you on level 5 of the Pits of
                  | Slime)
 58025 | Slime:5  | Received a gift from Okawaru
 58064 | Slime:5  | Found a viscous altar of Jiyva.
 58068 | Slime:5  | Noticed the Royal Jelly
 58086 | Slime:5  | Reached skill level 5 in Maces & Flails
 58124 | Slime:5  | Killed the Royal Jelly
 58284 | Slime:5  | Found the +14 obsidian axe {vorpal, Mesm Drain Fly SInv}
 58313 | Slime:5  | Identified the amulet "Kexta" {RegenMP Str+3 Dex+2}
 58316 | Slime:5  | Got a slimy rune of Zot
 58448 | Slime:1  | Received a gift from Okawaru
 58463 | Slime:1  | Gained mutation: You tend to lose your temper in combat.
                  | [hidden defects]
 58489 | Lair:5   | Lost mutation: You are dopey. (Int -2) [potion of mutation]
 58489 | Lair:5   | Lost mutation: You have hidden genetic defects. [potion of
                  | mutation]
 58489 | Lair:5   | Gained mutation: You have a somewhat thin skeletal
                  | structure. (Dex +2, Stealth+) [potion of mutation]
 58489 | Lair:5   | Gained mutation: You have hidden genetic potential. [potion
                  | of mutation]
 58775 | Snake:4  | Killed Qiofeum's ghost
 59232 | Pan      | Entered Pandemonium
 59653 | Pan      | Noticed Elyetuim the pandemonium lord
 59669 | Pan      | Reached skill level 10 in Throwing
 59697 | Pan      | Killed Elyetuim the pandemonium lord
 59889 | Pan      | Identified the +6 chain mail "Nixaiqes" {Fly}
 60410 | Pan      | Identified the +8 plate armour of the Sky {Fly rC+ Int+3}
 60501 | Pan      | Reached skill level 10 in Maces & Flails
 60540 | Pan      | Identified the +8 glaive of the Ass {freeze, rCorr}
 60544 | Pan      | Identified the +1 scale mail of Tiyzxuasch {rPois}
 60602 | Pan      | Found a runed translucent door.
 61089 | Pan      | Found a glowing silver altar of Zin.
 61357 | Pan      | Received a gift from Okawaru
 61590 | Pan      | Noticed a seraph
 61615 | Pan      | Killed a seraph
 61632 | Pan      | Found a glowing golden altar of the Shining One.
 61655 | Pan      | Identified the +8 glaive of the Manifold Spines {drain,
                  | rCorr MP+9 Dex-3 SInv}
 61657 | Pan      | Identified the ring "Luseucus" {Ice Dex+3}
 61662 | Pan      | Got a demonic rune of Zot
 62300 | Pan      | Received a gift from Okawaru
 62312 | Pan      | Identified the +6 hand axe of Hepliaklqana's Favour
                  | {antimagic, Fragile Fly rC+ Int-3 Dex+9}
 62384 | Pan      | Found a white marble altar of Elyvilon.
 62561 | Pan      | Identified the +2 buckler of Pomatuva {-Tele rC+ Str+2
                  | Int+4}
 62567 | Pan      | Reached skill level 15 in Throwing
 62573 | Pan      | Received a gift from Okawaru
 62914 | Pan      | Received a gift from Okawaru
 62944 | Pan      | Identified the ring "Caenani" {Fire rElec rCorr Str-5
                  | Slay+2}
 63057 | Pan      | Gained mutation: You have a pair of large horns on your
                  | head. [hidden potential]
 63304 | Pan      | Received a gift from Okawaru
 63554 | Pan      | Found a huge runed translucent gate.
 63554 | Pan      | Found a huge runed translucent gate.
 63555 | Pan      | Found a huge runed translucent gate.
 63555 | Pan      | Found a huge runed translucent gate.
 63555 | Pan      | Found a huge runed translucent gate.
 63555 | Pan      | Found a huge runed translucent gate.
 63555 | Pan      | Found a huge runed translucent gate.
 63555 | Pan      | Found a huge runed translucent gate.
 63556 | Pan      | Found a huge runed translucent gate.
 63556 | Pan      | Found a huge runed translucent gate.
 63556 | Pan      | Found a huge runed translucent gate.
 63556 | Pan      | Found a huge runed translucent gate.
 63556 | Pan      | Found a huge runed translucent gate.
 63557 | Pan      | Found a huge runed translucent gate.
 63557 | Pan      | Found a huge runed translucent gate.
 63557 | Pan      | Noticed Daiwodd the pandemonium lord
 63559 | Pan      | Found a huge runed translucent gate.
 63559 | Pan      | Found a huge runed translucent gate.
 63590 | Pan      | Entered the realm of Mnoleg.
 63622 | Pan      | Noticed Mnoleg
 63637 | Pan      | Paralysed by a floating eye for 4 turns
 63637 | Pan      | Gained mutation: Armour fits poorly on your strangely
                  | shaped body. [Mnoleg's mutagenic touch]
 63638 | Pan      | Gained mutation: Your body sometimes deteriorates upon
                  | taking damage. [Mnoleg's mutagenic touch]
 63649 | Pan      | Gained mutation: You are clumsy. (Dex -2) [a shining eye]
 63660 | Pan      | Killed Mnoleg
 63744 | Pan      | Got a glowing rune of Zot
 63826 | Pan      | Gained mutation: Your magical capacity is low. (-10% MP) [a
                  | cacodemon]
 63885 | Pan      | Gained mutation: You are very clumsy. (Dex -4) [a shining
                  | eye]
 63897 | Pan      | Lost mutation: Potions are less effective at restoring your
                  | health. [potion of mutation]
 63897 | Pan      | Lost mutation: Your magical capacity is low. (-10% MP)
                  | [potion of mutation]
 63897 | Pan      | Lost mutation: You are very clumsy. (Dex -4) [potion of
                  | mutation]
 63897 | Pan      | Lost mutation: You have a somewhat thin skeletal structure.
                  | (Dex +2, Stealth+) [potion of mutation]
 63897 | Pan      | Gained mutation: You are strong-willed. (Will+) [potion of
                  | mutation]
 63898 | Pan      | Lost mutation: Armour fits poorly on your strangely shaped
                  | body. [potion of mutation]
 63898 | Pan      | Lost mutation: You tend to lose your temper in combat.
                  | [potion of mutation]
 63898 | Pan      | Gained mutation: You passively map a small area around you.
                  | [potion of mutation]
 63901 | Pan      | Entered the realm of Gloorx Vloq.
 63934 | Pan      | Reached skill level 15 in Maces & Flails
 63935 | Pan      | Lost mutation: You passively map a small area around you.
                  | [potion of mutation]
 63935 | Pan      | Lost mutation: You have a pair of large horns on your head.
                  | [potion of mutation]
 63935 | Pan      | Gained mutation: You are very clumsy. (Dex -4) [potion of
                  | mutation]
 63935 | Pan      | Gained mutation: You passively dampen the noise of your
                  | surroundings. [potion of mutation]
 63935 | Pan      | Gained mutation: You sometimes lose the ability to read
                  | scrolls when taking damage. [potion of mutation]
 63935 | Pan      | Gained mutation: You have very sharp teeth. [potion of
                  | mutation]
 63941 | Pan      | Lost mutation: You sometimes lose the ability to read
                  | scrolls when taking damage. [potion of mutation]
 63941 | Pan      | Lost mutation: Your body sometimes deteriorates upon taking
                  | damage. [potion of mutation]
 63941 | Pan      | Lost mutation: You passively dampen the noise of your
                  | surroundings. [potion of mutation]
 63941 | Pan      | Gained mutation: You sometimes lose the ability to read
                  | scrolls when taking damage. [potion of mutation]
 64096 | Pan      | Noticed Gloorx Vloq
 64111 | Pan      | HP: 12/269 [??? (7)]
 64244 | Arena    | Entered the Arena
 64257 | Arena    | Killed Gloorx Vloq
 64278 | Pan      | Got a dark rune of Zot
 64424 | Pan      | Entered the realm of Cerebov.
 64557 | Pan      | Received a gift from Okawaru
 64572 | Pan      | Reached skill level 15 in Evocations
 65094 | Pan      | Identified the +4 whip of the Many Dances {venom, Str+2}
 65220 | Pan      | Found the +6 sword of Cerebov {flame}
 65220 | Pan      | Noticed Cerebov
 65254 | Arena    | Entered the Arena
 65272 | Arena    | Killed Cerebov
 65360 | Pan      | Got a fiery rune of Zot
 65599 | Pan      | Identified the +7 battleaxe of Qasoezxo {freeze, rPois rC+
                  | Will- rCorr}
 65609 | Pan      | Identified the +0 quarterstaff of the Slime-mould {holy,
                  | Stlth+}
 65670 | Pan      | Identified the +1 halberd "Luff" {venom, Fly rF+++ Str-3
                  | Int-4}
 65984 | Pan      | Noticed Cuwumun the pandemonium lord
 66080 | Pan      | Entered the realm of Lom Lobon.
 66080 | Pan      | Noticed Lom Lobon
 66081 | Arena    | Entered the Arena
 66103 | Arena    | HP: 7/269 [Lom Lobon/great icy blast (72)]
 66105 | Arena    | Killed from afar by Lom Lobon

Illustrated notes

Levels and vault maps discovered:
D:1:      co_arrival_random_square_maze, layout_loops_ring,
          shapermc_ecumenical_altar_petra
D:2:      layout_basic, minmay_misc_feat_plants, minmay_goblin_kobold_house,
          uniq_crazy_yiuf_cottage
D:3:      cheibrodos_fertilizer, layout_basic, grunt_temple_overflow_open,
          uniq_robin, uniq_terence
D:4:      layout_loops_ring, uniq_menkaure, uniq_ijyb, uniq_eustachio
D:5:      wander_river, layout_gridville, minmay_misc_feat_cross,
          minmay_misc_feat_alley, st_stairs_6, nicolae_underground_beach
D:6:      layout_rooms, makhleb_blood_cavern_becter,
          minmay_temple_entry_statues_fountains
D:7:      layout_gridville, mainiacjoe_overflow_concentric_impassable,
          mainiacjoe_overflow_boulevard, enter_bailey_2,
          chequers_ossuary_entry_cave, kennysheep_generic_room_14, uniq_duvessa,
          uniq_joseph
D:8:      minmay_spotlight, layout_basic, old_standard_altar,
          minmay_diamond_spiral, uniq_maggie, uniq_erica, uniq_prince_ribbit1
D:9:      layout_basic, lemuel_round_altar, cheibrodos_ashenzari_chains,
          serial_shops, nicolae_shop_bloodbath_and_beyond, uniq_gastronok
D:10:     layout_roguey, lair_entry_dummy, hangedman_abyss_or_decor_stabs,
          hangedman_ranch, uniq_snorg
D:11:     gammafunk_mikee_crab_dinner, layout_grid_maze, wad_hexagon, uniq_urug,
          uniq_josephine, uniq_erolcha
D:12:     layout_loops_ring, minmay_orc_entry_temple_large,
          grunt_dithmenos_shadows
D:13:     layout_gridville, nicolae_figureground_sparkle
D:14:     layout_basic, skrybe_vaults_entry_preservation, serial_bayou,
          serial_bayou_shore_a, serial_bayou_ford_a, serial_bayou_pond_d,
          serial_bayou_lake_a, serial_shops, kennysheep_little_box, drop_trap,
          uniq_kirke, uniq_rupert, uniq_louise, uniq_jorgrun
D:15:     gammafunk_enter_depths_forms, layout_long_grid,
          chequers_serial_rivers_large_a, gammafunk_ghost_wrathful_warriors,
          nzn_hepliaklqana_mist_gate
Temple:   minmay_temple_bridge_abc
Lair:1:   layout_roguey, grunt_megastairs_5, lemuel_fruit_tree, uniq_harold,
          uniq_fannar
Lair:2:   layout_gridlike, guppyfry_snake_entry_island, grunt_megastairs_1,
          infiniplex_staircase_pool_2, serial_bayou_shore_b
Lair:3:   layout_misc_corridors, palyth_hydra_swamp_entry, roderic_batcave,
          worms_lemuel, grunt_megastairs_4
Lair:4:   layout_loops_ring, lightli_volcano_entry_magma_tube,
          lemuel_fruit_fields, grunt_megastairs_3
Lair:5:   layout_misc_corridors, slime_altar_1
Lair:6:   hellmonk_lair_end_abyssal_woods, layout_gridlike,
          gammafunk_ghost_ooze, grunt_megastairs_2
Swamp:1:  layout_basic_swamp, evilmike_swamp_ruin_rubble_2, swamp_pool4,
          st_swamp_ruins_4, infiniplex_staircase_pool
Swamp:2:  nzn_winding_woodlands_small [nzn_winding_woodlands_5x15_eye,
          nzn_winding_woodlands_center_garden,
          nzn_winding_woodlands_5x15_crooked], layout_basic_swamp,
          ebering_ghost_rock_garden, nicolae_swamp_trees_clearing, swamp_pool1,
          cheibrodos_swamp_pet_leeches
Swamp:3:  layout_basic_swamp, evilmike_swamp_ruin_rubble_1
Swamp:4:  swamp, layout_basic_swamp
Snake:1:  nicolae_snake_attic_fulla_snakes, layout_basic
Snake:2:  nicolae_snake_shooting_gallery, layout_onion_interference,
          gammafunk_ghost_grave, minmay_shop_star, uniq_vashnia
Snake:3:  layout_onion_interference, nicolae_snake_snake_lake, minmay_shoptagon,
          uniq_mara
Snake:4:  hellmonk_snake_rune_quicksilver_temple, layout_misc_corridors,
          gammafunk_ghost_arena, serial_shops, nicolae_shop_crystal,
          basic_altar, nicolae_snake_slithery_corners, guppyfry_snake_island,
          uniq_aizul
Slime:1:  layout_caves, cheibrodos_slime_lost_civilization_7
Slime:2:  layout_caves
Slime:3:  layout_caves
Slime:4:  layout_caves
Slime:5
Orc:1:    layout_caves, basic_altar, nicolae_shop_self_help, uniq_maurice
Orc:2:    grunt_orc_community_town_hall, layout_caves,
          grunt_orc_community_big_house_1, grunt_orc_community_big_house_2,
          grunt_orc_community_house_1, grunt_orc_community_house_2,
          grunt_orc_community_house_1, grunt_orc_community_house_2,
          grunt_orc_community_house_2, led_sif_book
Elf:1:    eino_elf_arrival_shootout, layout_gridlike, evilmike_minifort,
          uniq_azrael
Elf:2:    nicolae_elf_blades_crystal_corner, layout_gridlike, special_room
          [special_room_mythical_zoo], uniq_asterion
Elf:3:    nooodl_elf_gasket, layout_geoelf_grid
Vaults:1: portal_desolation_entry_ruin, vaults_room_door_ring,
          ontoclasm_vaults_decontamination, vaults_room_ringed_pool,
          v_pattern_5, nicolae_vaults_what_the_h, v_misc_19, v_misc_19,
          nicolae_vaults_little_squares_3, ontoclasm_vaults_ring_large,
          nicolae_vaults_little_squares_1, hangedman_vaults_nails,
          nicolae_vaults_little_squares_5, vaults_dpeg_diagonal, v_misc_26,
          nicolae_vaults_angled_halls, special_room_vaults [special_room_orc],
          layout_vaults_big_cross
Vaults:2: nicolae_vaults_ring_of_whatevers, hangedman_vaults_pinch, v_misc_11,
          grunt_vaults_funnel, vaults_room_grid, layout_vaults_quadrants,
          dummy_crypt_entry
Vaults:3: v_pattern_4, vaults_dpeg_encased_lava, hangedman_vaults_hat,
          nicolae_vaults_little_squares_3, grunt_vaults_diagonal,
          vaults_mumra_chevron, nicolae_vaults_big_ls,
          nicolae_vaults_little_squares_3, hangedman_vaults_stitches,
          nicolae_vaults_little_squares_1, ontoclasm_vaults_pinch,
          layout_vaults_omnibox, serial_shops, bzr_entry_safe
Vaults:4: vaults_dpeg_cross, nicolae_vaults_hallways_thing, grunt_vaults_twisty,
          vaults_mumra_minichess_inversion, v_rooms_2,
          nicolae_vaults_little_squares_2, nicolae_vaults_mini_display_case,
          ontoclasm_vaults_ligature, vaults_mumra_hex, vaults_room_pools,
          layout_vaults_ring, serial_shops, nicolae_diamond_shop, uniq_frederick
Vaults:5
Depths:1: layout_roguey [special_room_jelly], enter_ziggurat_b,
          grunt_hell_entry_dis_mu, nicolae_uskayaw_suspiria,
          nicolae_gozag_cash_rules_everything_around_me,
          kennysheep_random_hallway, firewood_loft, uniq_sojobo
Depths:2: minmay_distorted_concentric_squares, layout_gridlike,
          minmay_crystal_room, rand_demon_pan_entry_9, special_room
          [special_room_morgue], lightli_too_deep, infiniplex_staircase_spiral,
          serial_bayou_shore_b
Depths:3: radiant_caverns_a_rkd, hell_entry, abyss_entry
Depths:4: grunt_zot_entry_tricorne, layout_honeycomb, fedhas_altar_1,
          abyss_entry_flame_altar, nicolae_hell_entry_big_baal_hell,
          serial_bayou_shore_b
Hell
Pan:      evilmike_mini_pan_corner, layout_gridlike, rand_demon_9,
          layout_pan_divisions_b [pan_division_quadrant_b4,
          pan_division_quadrant_b1, pan_division_quadrant_b1,
          pan_division_quadrant_b1], evilmike_holy_pan,
          evilmike_mini_pan_murderfest, layout_stronghold, evilmike_mnoleg_eyes,
          layout_basic, nicolae_pan_sigil_itan, gloorx_vloq,
          layout_pan_divisions_a [pan_division_quadrant_a6,
          pan_division_quadrant_a3, pan_division_quadrant_a3,
          pan_division_quadrant_a2, pan_division_octagon_rings], cerebov_st,
          layout_pan_divisions_a [pan_division_quadrant_a3,
          pan_division_quadrant_a6, pan_division_quadrant_a4,
          pan_division_quadrant_a6, pan_division_octagon_halves], rand_demon_2,
          layout_gridlike, special_room [special_room_demon_pit],
          nicolae_pan_glass_arcs, layout_cellular_growth,
          nicolae_pan_sigil_nadil, lom_lobon, layout_small_grid
Arena

Skill      XL: |  1  2  3  4  5  6  7  8  9 10 11 12 13 14 15 16 17 18 19 20 21 22 23 24 25 26 27 |
---------------+----------------------------------------------------------------------------------+-----
Fighting       | 4 5 6 7 8 10 11 12 14 15 16 17 19 20 21 22 | 22.0
Axes           | 3 4 5 6 8 10 12 13 15 16 17 18 19 20 21 | 21.9
Armour         | 4 5 6 7 8 10 11 12 13 15 16 17 18 19 22 | 22.0
Shields        | 4 5 6 7 8 9 10 11 13 15 16 18 19 20 21 22 | 22.0
Evocations     | 1 4 10 11 15 | 15.5
Polearms       | 1 2 3 13 14 17 | 17.5
Invocations    | 4 6 8 9 11 12 13 14 15 16 18 22 | 22.0
Long Blades    | 1 |  1.2
Staves         | 1 |  1.2
Slings         | 1 |  1.5
Short Blades   | 1 |  1.2
Unarmed Combat | 1 |  1.0
Maces & Flails | 1 3 17 | 17.5
Earth Magic    | 1 |  1.0
Throwing       | 1 5 17 | 17.1
Bows           | |  0.9
Crossbows      | |  0.8
Spellcasting   | |  0.3
Conjurations   | |  0.6
Hexes          | |  0.3
Summonings     | |  0.7
Necromancy     | |  0.5
Translocations | |  0.7
Transmutations | |  0.6
Fire Magic     | |  0.6
Ice Magic      | |  0.6
Air Magic      | |  0.8
Poison Magic   | |  0.5

Action                   |  1- 3 |  4- 6 |  7- 9 | 10-12 | 13-15 | 16-18 | 19-21 | 22-24 | 25-27 || total
-------------------------+-------+-------+-------+-------+-------+-------+-------+-------+-------++-------
Melee: War axe           |    74 |    73 |   301 |   286 |   754 |       |       |       |       ||  1488
       Headbutt          |     9 |    13 |    58 |    98 |   275 |   278 |   230 |   437 |   834 ||  2232
       Unarmed           |       |     5 |       |       |       |       |       |       |       ||     5
       Trident           |       |       |       |    14 |       |       |       |       |       ||    14
       Hand axe          |       |       |       |    85 |    62 |   134 |       |       |       ||   281
       Broad axe         |       |       |       |       |   377 |  1061 |   817 |  1284 |   259 ||  3798
       Lance             |       |       |       |       |       |       |       |   247 |  2734 ||  2981
       Sacred scourge    |       |       |       |       |       |       |       |       |   172 ||   172
       Bite              |       |       |       |       |       |       |       |       |    84 ||    84
Invok: Heroism           |       |       |       |     3 |     4 |    13 |     5 |    13 |    13 ||    51
       Finesse           |       |       |       |     1 |     2 |    10 |     5 |    12 |    15 ||    45
       Duel              |       |       |       |       |     1 |     1 |       |       |     3 ||     5
Evoke: Wand              |       |       |     5 |       |       |     6 |       |       |     9 ||    20
       Lightning rod     |       |       |       |       |       |       |       |       |     1 ||     1
  Use: Scroll            |       |     1 |    12 |     4 |    11 |    19 |     2 |     5 |    26 ||    80
       Potion            |       |       |     2 |     2 |     2 |     1 |     1 |     5 |    23 ||    36
 Stab: Distracted        |       |       |       |       |       |     1 |       |     2 |     4 ||     7
       Petrified         |       |       |       |       |       |       |       |     8 |       ||     8
       Paralysed         |       |       |       |       |       |       |       |       |     1 ||     1
Armor: Scale mail        |    16 |       |       |       |       |       |       |       |       ||    16
       Chain mail        |    21 |    19 |    21 |   204 |   154 |       |       |   128 |   455 ||  1002
       Ring mail         |       |    18 |   105 |       |       |       |       |       |       ||   123
       Plate armour      |       |       |       |       |   340 |   546 |   309 |   231 |       ||  1426
Dodge: Dodged            |    45 |    73 |   172 |   197 |   335 |   379 |   210 |   273 |   237 ||  1921
Block: Buckler           |    20 |    20 |    69 |   123 |   241 |       |       |       |       ||   473
       Tower shield      |       |       |       |       |   241 |   502 |   151 |  1023 |  1531 ||  3448
       Kite shield       |       |       |       |       |       |   498 |   433 |       |       ||   931
       Reflection        |       |       |       |       |       |       |     4 |   108 |    74 ||   186
